% Time on Ice - LOS ANGELES SEALS
Lines # - Real PCT - Wanted PCT - Time Play
Normal Forward
1 - 35% - 36% - 18:05
2 - 29% - 31% - 14:55
3 - 22% - 23% - 11:24
4 - 13% - 10% - 6:39
Normal Defense
1 - 32% - 36% - 16:14
2 - 32% - 31% - 16:34
3 - 30% - 23% - 15:28
4 - 5% - 10% - 2:47
PP Forward
1 - 27% - 55% - 1:09
2 - 73% - 45% - 3:10
PP Defense
1 - 63% - 55% - 2:43
2 - 37% - 45% - 1:36
PK Forward
1 - 50% - 55% - 1:58
2 - 50% - 45% - 2:00
PK Defense
1 - 66% - 55% - 2:37
2 - 34% - 45% - 1:21
PK3 Forward
1 - 0% - 55%
2 - 0% - 45%
PK3 Defense
1 - 0% - 55%
2 - 0% - 45%
44 Forward
1 - 0% - 55%
2 - 0% - 45%
44 Defense
1 - 0% - 55%
2 - 0% - 45%
Last Minute Offensive  - 0:00
Last Minute Defensive  - 0:40
Total
Forward - 60:00
Defense - 60:00
% Time on Ice - LAS VEGAS LIZARD KINGS
Lines # - Real PCT - Wanted PCT - Time Play
Normal Forward
1 - 37% - 38% - 18:58
2 - 30% - 30% - 15:19
3 - 24% - 26% - 12:27
4 - 8% - 6% - 4:11
Normal Defense
1 - 38% - 45% - 19:07
2 - 35% - 35% - 17:36
3 - 25% - 20% - 12:53
4 - 3% - 0% - 1:19
PP Forward
1 - 56% - 80% - 2:14
2 - 44% - 20% - 1:44
PP Defense
1 - 56% - 80% - 2:14
2 - 44% - 20% - 1:44
PK Forward
1 - 100% - 70% - 4:19
2 - 0% - 30% - 0:00
PK Defense
1 - 51% - 50% - 2:13
2 - 49% - 50% - 2:06
PK3 Forward
1 - 0% - 55%
2 - 0% - 45%
PK3 Defense
1 - 0% - 55%
2 - 0% - 45%
44 Forward
1 - 0% - 55%
2 - 0% - 45%
44 Defense
1 - 0% - 55%
2 - 0% - 45%
Last Minute Offensive  - 0:48
Last Minute Defensive  - 0:00
Total
Forward - 60:00
Defense - 60:00
Play-by-Play 1st period 0:01 of 1st period - Dylan Strome wins face-off versus Ryan Nugent-Hopkins in neutral zone. 0:15 of 1st period - Icing by Erik Haula. 0:16 of 1st period - Dylan Strome wins face-off versus Sean Monahan in LOS ANGELES SEALS zone. 0:31 of 1st period - Nick Leddy is hit by Erik Haula and loses puck. 1:17 of 1st period - Icing by Barclay Goodrow. 1:18 of 1st period - Radek Faksa wins face-off versus Sean Monahan in LAS VEGAS LIZARD KINGS zone. 2:40 of 1st period - Shot by Ryan Nugent-Hopkins. 2:40 of 1st period - Deflect By Victor Olofsson. 2:40 of 1st period - Shot Blocked by Tobias Bjornfot. 4:08 of 1st period - Shot by Erik Haula. 4:08 of 1st period - Shot Misses the Net. 4:10 of 1st period - Shot by Jakob Silfverberg. 4:10 of 1st period - Shot Misses the Net. 4:12 of 1st period - Shot by Jakob Silfverberg. 4:12 of 1st period - Goal by Jakob Silfverberg - LOS ANGELES SEALS : 1 - LAS VEGAS LIZARD KINGS : 0. 4:13 of 1st period - Sean Monahan wins face-off versus Oskar Sundqvist in neutral zone. 4:45 of 1st period - Shot by Barclay Goodrow. 4:45 of 1st period - Stopped by Cal Petersen with a rebound. 4:47 of 1st period - Shot by Barclay Goodrow. 4:47 of 1st period - Stopped by Cal Petersen without a rebound. 4:48 of 1st period - Derek Ryan wins face-off versus Matt Duchene in LOS ANGELES SEALS zone. 5:11 of 1st period - Shot by Dylan Gambrell. 5:11 of 1st period - Shot Misses the Net. 5:13 of 1st period - Shot by Derek Ryan. 5:13 of 1st period - Shot Blocked by Matt Duchene. 5:15 of 1st period - Shot by Matthew Nieto. 5:15 of 1st period - Stopped by Cal Petersen without a rebound. 5:16 of 1st period - Mikhail Grigorenko wins face-off versus Jakob Silfverberg in LOS ANGELES SEALS zone. 5:43 of 1st period - Shot by Evan Rodrigues. 5:43 of 1st period - Shot Blocked by Greg Pateryn. 5:45 of 1st period - Shot by John Marino. 5:45 of 1st period - Stopped by Cal Petersen without a rebound. 5:46 of 1st period - Matt Duchene wins face-off versus Johnny Gaudreau in LOS ANGELES SEALS zone. 6:08 of 1st period - Shot by Victor Olofsson. 6:08 of 1st period - Stopped by Cal Petersen with a rebound. 6:10 of 1st period - Shot by Ryan Nugent-Hopkins. 6:10 of 1st period - Shot Blocked by Adam Boqvist. 6:32 of 1st period - Shot by Ryan Nugent-Hopkins. 6:32 of 1st period - Shot Blocked by Noah Dobson. 7:39 of 1st period - Icing by Kevan Miller. 7:40 of 1st period - Radek Faksa wins face-off versus Derek Ryan in LAS VEGAS LIZARD KINGS zone. 7:43 of 1st period - Shot by Owen Tippett. 7:43 of 1st period - Shot Misses the Net. 7:58 of 1st period - Icing by Christian Wolanin. 7:59 of 1st period - Radek Faksa wins face-off versus Ryan Nugent-Hopkins in LOS ANGELES SEALS zone. 8:37 of 1st period - Shot by Ryan Nugent-Hopkins. 8:37 of 1st period - Stopped by Cal Petersen without a rebound. 8:38 of 1st period - Sean Monahan wins face-off versus Dylan Strome in LOS ANGELES SEALS zone. 8:51 of 1st period - Icing by Barclay Goodrow. 8:52 of 1st period - Matt Duchene wins face-off versus Sean Monahan in LAS VEGAS LIZARD KINGS zone. 8:59 of 1st period - Shot by Tyler Johnson. 8:59 of 1st period - Deflect By Matt Duchene. 8:59 of 1st period - Stopped by David Rittich without a rebound. 9:00 of 1st period - Dylan Strome wins face-off versus Ryan Nugent-Hopkins in LAS VEGAS LIZARD KINGS zone. 9:26 of 1st period - Shot by Johnny Gaudreau. 9:26 of 1st period - Shot Misses the Net. 10:22 of 1st period - Icing by Marcus Pettersson. 10:23 of 1st period - Dylan Strome wins face-off versus Derek Ryan in LOS ANGELES SEALS zone. 10:43 of 1st period - Icing by Matt Roy. 10:44 of 1st period - Derek Ryan wins face-off versus Oskar Sundqvist in LAS VEGAS LIZARD KINGS zone. 11:01 of 1st period - Shot by Derek Ryan. 11:01 of 1st period - Shot Misses the Net. 11:03 of 1st period - Shot by Matthew Nieto. 11:03 of 1st period - Stopped by Cal Petersen without a rebound. 11:04 of 1st period - Matt Duchene wins face-off versus Sean Monahan in LOS ANGELES SEALS zone. 11:13 of 1st period - Minor Penalty to Greg Pateryn for Hooking. 11:14 of 1st period - Matt Duchene wins face-off versus Ryan Nugent-Hopkins in LOS ANGELES SEALS zone. 12:53 of 1st period - Erik Haula is hit by Barclay Goodrow and loses puck. 13:13 of 1st period - Shot by Victor Olofsson. 13:13 of 1st period - Stopped by Cal Petersen without a rebound. 13:14 of 1st period - Radek Faksa wins face-off versus Evan Rodrigues in LOS ANGELES SEALS zone. 13:22 of 1st period - Icing by Greg Pateryn. 13:23 of 1st period - Derek Ryan wins face-off versus Radek Faksa in LOS ANGELES SEALS zone. 13:24 of 1st period - Shot by Matthew Nieto. 13:24 of 1st period - Shot Misses the Net. 13:40 of 1st period - Shot by Derek Ryan. 13:40 of 1st period - Shot Misses the Net. 14:09 of 1st period - Marcus Pettersson is hit by Dylan Gambrell and loses puck. 14:25 of 1st period - Icing by Brayden McNabb. 14:26 of 1st period - Matt Duchene wins face-off versus Ryan Nugent-Hopkins in LAS VEGAS LIZARD KINGS zone. 14:47 of 1st period - Shot by Jaret Anderson-Dolan. 14:47 of 1st period - Stopped by David Rittich with a rebound. 15:22 of 1st period - Off-side. 15:23 of 1st period - Oskar Sundqvist wins face-off versus Brandon Hagel in neutral zone. 16:13 of 1st period - Icing by Greg Pateryn. 16:14 of 1st period - Ryan Nugent-Hopkins wins face-off versus Oskar Sundqvist in LOS ANGELES SEALS zone. 16:23 of 1st period - Shot by Ryan Nugent-Hopkins. 16:23 of 1st period - Shot Misses the Net. 16:25 of 1st period - Shot by Ryan Nugent-Hopkins. 16:25 of 1st period - Shot Hit the Post. 16:27 of 1st period - Shot by Olli Maatta. 16:27 of 1st period - Stopped by Cal Petersen without a rebound. 16:28 of 1st period - Evan Rodrigues wins face-off versus Matt Duchene in LOS ANGELES SEALS zone. 16:29 of 1st period - Shot by Mikhail Grigorenko. 16:29 of 1st period - Shot Blocked by Adam Boqvist. 17:01 of 1st period - Shot by Matt Duchene. 17:01 of 1st period - Stopped by David Rittich without a rebound. 17:02 of 1st period - Dylan Strome wins face-off versus Sean Monahan in LAS VEGAS LIZARD KINGS zone. 18:18 of 1st period - Icing by Dylan Strome. 18:19 of 1st period - Derek Ryan wins face-off versus Dylan Strome in LOS ANGELES SEALS zone. 18:39 of 1st period - Icing by Matthew Nieto. 18:40 of 1st period - Matt Duchene wins face-off versus Derek Ryan in LAS VEGAS LIZARD KINGS zone. 18:44 of 1st period - Tyler Johnson is hit by John Marino and loses puck. 18:52 of 1st period - Dylan Gambrell is hit by Christian Wolanin and loses puck. 18:59 of 1st period - Shot by Dylan Gambrell. 18:59 of 1st period - Shot Misses the Net. 19:44 of 1st period - Icing by Johnny Gaudreau. 19:45 of 1st period - Ryan Nugent-Hopkins wins face-off versus Oskar Sundqvist in LAS VEGAS LIZARD KINGS zone. 19:50 of 1st period - Shot by Ryan Nugent-Hopkins. 19:50 of 1st period - Shot Misses the Net. Goals for this period are 1 for LOS ANGELES SEALS vs 0 for LAS VEGAS LIZARD KINGS. Shots for this period are 4 for LOS ANGELES SEALS vs 9 for LAS VEGAS LIZARD KINGS. 2nd period 0:01 of 2nd period - Sean Monahan wins face-off versus Dylan Strome in neutral zone. 0:07 of 2nd period - Erik Haula is hit by Sean Monahan and loses puck. 0:17 of 2nd period - Shot by Dylan Strome. 0:17 of 2nd period - Stopped by David Rittich without a rebound. 0:18 of 2nd period - Ryan Nugent-Hopkins wins face-off versus Matt Duchene in LAS VEGAS LIZARD KINGS zone. 0:18 of 2nd period - Victor Olofsson is hit by Tyler Johnson and loses puck. 0:42 of 2nd period - Shot by Tyler Johnson. 0:42 of 2nd period - Stopped by David Rittich with a rebound. 1:29 of 2nd period - Shot by Jakob Silfverberg. 1:29 of 2nd period - Shot Misses the Net. 2:11 of 2nd period - Shot by Radek Faksa. 2:11 of 2nd period - Shot Blocked by Kevan Miller. 2:21 of 2nd period - Shot by Dylan Gambrell. 2:21 of 2nd period - Stopped by Cal Petersen with a rebound. 2:25 of 2nd period - Shot by Matthew Nieto. 2:25 of 2nd period - Shot Blocked by Marcus Pettersson. 3:06 of 2nd period - Icing by Greg Pateryn. 3:07 of 2nd period - Matt Duchene wins face-off versus Johnny Gaudreau in LOS ANGELES SEALS zone. 3:33 of 2nd period - Icing by Tyler Johnson. 3:34 of 2nd period - Matt Duchene wins face-off versus Sean Monahan in LOS ANGELES SEALS zone. 3:34 of 2nd period - Matt Duchene is hit by Barclay Goodrow. 4:23 of 2nd period - Jakob Silfverberg is hit by Barclay Goodrow. 4:37 of 2nd period - Shot by Erik Haula. 4:37 of 2nd period - Goal by Erik Haula - LOS ANGELES SEALS : 2 - LAS VEGAS LIZARD KINGS : 0. 4:38 of 2nd period - Oskar Sundqvist wins face-off versus Ryan Nugent-Hopkins in neutral zone. 5:06 of 2nd period - Ryan Nugent-Hopkins is hit by Noah Dobson and loses puck. 5:28 of 2nd period - Icing by Ryan Nugent-Hopkins. 5:29 of 2nd